Map: Stargazers

Players

LelotaJatato

  • Race: Terran Terran
  • Spawn Location: 1:00

Jefferson - Winner!

  • Race: Protoss Protoss
  • League: Bronze
  • Spawn Location: 11:00

VOD

Have the link to the VOD?

Description

Time

  • Played on: Oct. 2, 2022, 9:07 a.m.
  • Length: 7:41
Show
View Real Time Build Order
Export as new Build Order

LelotaJatato Terran 

Build Orders:  

Get SALT Encoding   

Show
View Real Time Build Order
Export as new Build Order

Jefferson Protoss - Winner!

Build Orders: 1 Gate Expand 

Get SALT Encoding   

  12  0:00  Probe (Chrono Boost)  
  13  0:10  Probe (Chrono Boost)  
  14  0:23  Probe  
  15  0:29  Pylon  
  15  0:47  Probe  
  16  0:52  Gateway  
  16  0:59  Probe  
  16  1:03  Assimilator  
  17  1:11  Probe  
  18  1:23  Probe  
  18  1:24  Nexus  
  19  1:35  Probe  
  20  1:47  Probe  
  21  1:54  Cybernetics Core  
  21  1:59  Probe  
  22  2:11  Probe  
  22  2:13  Assimilator  
  22  2:14  Pylon  
  23  2:31  Pylon  
  23  2:33  Probe, Stalker  
  24  2:40  Warp Gate (Chrono Boost)  
  26  2:57  Probe  
  26  2:58  Probe  
  28  3:09  Robotics Facility  
  28  3:10  Probe x2  
  28  3:11  Pylon  
  30  3:22  Probe x2  
  32  3:29  Stalker  
  32  3:34  Probe x2  
  35  3:35  Gateway x2  
  36  3:46  Probe x2  
  38  3:52  Twilight Council  
  38  3:56  Observer  
  38  3:58  Probe x2  
  38  4:02  Stalker  
  43  4:10  Probe x2  
  45  4:20  Immortal  
  45  4:22  Probe x2  
  45  4:23  Pylon  
  51  4:41  Pylon  
  51  4:42  Stalker  
  51  4:43  Stalker x2  
  51  4:44  Pylon  
  57  4:47  Pylon  
  57  4:51  Pylon  
  57  4:55  Pylon  
  57  4:57  Probe x2  
  57  4:58  Assimilator  
  59  5:00  Assimilator  
  59  5:12  Probe x2  
  61  5:34  Stalker x3  
  67  5:55  Warp Prism  
  69  6:01  Gateway  
  69  6:04  Gateway  
  69  6:07  Gateway  
  69  6:10  Gateway  
  69  6:12  Gateway  
  69  6:15  Gateway  
  69  6:16  Gateway  
  69  6:19  Templar Archives  
  69  6:22  Robotics Bay  
  69  7:02  Zealot x3  
  75  7:08  Zealot  
  75  7:09  Zealot x4  
  75  7:15  Zealot  
  87  7:17  Zealot  
Tags
 
League
Bronze
Matchup
PvT
Spawn Locations
Close Positions
Add a new tag
Caveats
  • Supply blocks, unpowered buildings, or Contaminate may cause inaccurate times.
  • Supply counts are checked every 10 seconds.